 Dungeon Crawl Stone Soup version 0.30-a0-390-g80c34de65d (webtiles) character file.

Game seed: 13171384874949312853

109 purpskrrrp the Ruffian (level 4, -3/44 HPs)
             Began as a Troll Fighter on Dec 4, 2022.
             Was a Believer of Zin.
             Slain by Dowan
             ... wielding a +0 dagger
              (5 damage)
             ... on level 4 of the Dungeon.
             The game lasted 00:03:15 (3022 turns).

purpskrrrp the Ruffian (Troll Fighter)              Turns: 3022, Time: 00:03:16

Health: -3/44      AC:  4    Str: 26    XL:     4   Next: 60%
Magic:  0/3        EV:  8    Int:  4    God:    Zin [**....]
Gold:   116        SH:  7    Dex:  9    Spells: 3/3 levels left

rFire   . . .      SeeInvis .      - Unarmed
rCold   . . .      Faith    .    b - +0 kite shield
rNeg    . . .      Spirit   +    a - +0 robe
rPois   .          Reflect  .    (helmet restricted)
rElec   .          Harm     .    (no cloak)
rCorr   .          Rampage  .    (gloves unavailable)
Will    .....                    (boots unavailable)
Stlth   +.........               o - amulet of guardian spirit
HPRegen 1.07/turn                (no ring)
MPRegen 0.08/turn                (no ring)

@: mighty
A: large, unfitting armour, claws 3, regeneration 1, shaggy fur 1, tough skin 1
a: Renounce Religion, Recite, Vitalisation, Donate Gold


You were on level 4 of the Dungeon.
You worshipped Zin.
Zin was pleased with you.
You visited 1 branch of the dungeon, and saw 4 of its levels.

You collected 128 gold pieces.
You donated 12 gold pieces to Zin.

Inventory:

Armour
 a - a +0 robe (worn)
 b - a +0 kite shield (worn)
Jewellery
 o - an amulet of guardian spirit (around neck)
Wands
 m - a wand of charming (9)
Scrolls
 e - a scroll of summoning {unknown}
 f - a scroll of torment {unknown}
 k - a scroll of amnesia
Potions
 d - a potion of cancellation
 g - 2 potions of degeneration
 h - a potion of mutation {unknown}
 i - a potion of invisibility {unknown}
 l - a potion of brilliance {unknown}
 n - a potion of magic {unknown}


   Skills:
 - Level 2.4 Fighting
 - Level 2.4 Dodging
 - Level 2.6 Shields
 + Level 4.9 Unarmed Combat


You had 3 spell levels left.
You didn't know any spells.
Your spell library contained the following spells:

 Spells                   Type           Power      Damage    Failure   Level
 Magic Dart               Conj           0%         1d3       80%         1
 Call Imp                 Summ           0%         N/A       91%         2
 Ensorcelled Hibernation  Hex/Ice        0%         N/A       91%         2
 Passwall                 Tmut/Erth      0%         N/A       91%         2
 Mephitic Cloud           Conj/Pois/Air  0%         N/A       99%         3
 Ozocubu's Armour         Ice            0%         N/A       99%         3
 Swiftness                Air            0%         N/A       99%         3
 Ozocubu's Refrigeration  Ice            0%         4d7       100%        7


Dungeon Overview and Level Annotations

Branches:
Dungeon (4/15)
 Temple: D:4-7

Altars:
Okawaru
Zin

Annotations:
D:4 Dowan


Innate Abilities, Weirdness & Mutations

You are too large for most types of armour.
You have claws for hands.
Your natural rate of healing is unusually fast.
You are covered in fur. (AC +1)
You have tough skin. (AC +1)


Message History

You closely miss Duvessa.
Duvessa is moderately wounded.
Duvessa hits you with a +0 short sword. x2
You claw Duvessa!
Duvessa is heavily wounded.
Duvessa hits you but does no damage. Duvessa misses you.
You barely miss Duvessa.
Duvessa is heavily wounded.
Duvessa hits you with a +0 short sword!
You scratch Duvessa but do no damage.
Duvessa is heavily wounded.
You block Duvessa's attack. Duvessa barely misses you.
You claw Duvessa!
Duvessa is severely wounded.
Duvessa hits you with a +0 short sword! x2
* * * LOW HITPOINT WARNING * * *
You barely miss Duvessa.
Duvessa is severely wounded.
Duvessa hits you with a +0 short sword.
* * * LOW HITPOINT WARNING * * *
You feel better.
You hear the rusting of a drain very nearby.
Duvessa hits you with a +0 short sword!
* * * LOW HITPOINT WARNING * * *
Duvessa hits you with a +0 short sword.
* * * LOW HITPOINT WARNING * * *
You feel better. Duvessa hits you but does no damage.
You scratch Duvessa.
Duvessa is almost dead.
Duvessa hits you with a +0 short sword.
* * * LOW HITPOINT WARNING * * *
Dowan drinks a potion.
Dowan seems to grow stronger.
Duvessa hits you with a +0 short sword!
* * * LOW HITPOINT WARNING * * *
You claw Duvessa!
You kill Duvessa!
Dowan screams, "No!
Oh no!"
Dowan seems to find hidden reserves of power!
Dowan hits you with a +0 dagger.
You die...

.#### .'..# .##.# #
..#.# .# ..#.# ..#
###.# ...# #..# ....#
#.###############.....#
#..............@e#
#................#
#................#
#................#
#................#
#................#
#................#
#................#
#......##


You could see Dowan (fast, strong).

Vanquished Creatures
  Duvessa (D:4)
  4 adders
  A worm (D:2)
  2 dart slugs
  3 orcs
  3 ball pythons
  2 bats (D:2)
  7 endoplasms
  A giant cockroach (D:4)
  6 goblins
  4 hobgoblins
  5 kobolds
  3 quokkas
  18 frilled lizards
  5 rats
65 creatures vanquished.

Vanquished Creatures (others)
  3 plants (D:3)
3 creatures vanquished.

Grand Total: 68 creatures vanquished

Notes
Turn   | Place    | Note
-------+----------+-------------------------------------------
     0 | D:1      | purpskrrrp the Troll Fighter began the quest for the Orb.
     0 | D:1      | Reached XP level 1. HP: 22/22 MP: 0/0
   449 | D:1      | Reached XP level 2. HP: 29/29 MP: 1/1
   770 | D:1      | Reached skill level 3 in Unarmed Combat
  1461 | D:2      | Reached XP level 3. HP: 36/36 MP: 2/2
  1719 | D:2      | Reached skill level 4 in Unarmed Combat
  2045 | D:3      | Reached XP level 4. HP: 35/44 MP: 3/3
  2325 | D:3      | Found a faded altar of an unknown god.
  2477 | D:3      | Prayed at the altar of an unknown god.
  2477 | D:3      | Became a worshipper of Zin the Law-Giver
  2477 | D:3      | Reached * piety under Zin
  2477 | D:3      | Reached ** piety under Zin
  2975 | D:4      | Found an iron altar of Okawaru.
  3008 | D:4      | Noticed Duvessa
  3008 | D:4      | Noticed Dowan
  3021 | D:4      | HP: 1/44 [Duvessa/+0 short sword (8)]
  3022 | D:4      | Killed Duvessa
  3022 | D:4      | Slain by Dowan

Illustrated notes

Levels and vault maps discovered:
D:1:      dpeg_arrival_renting, layout_basic
D:2:      minmay_diamond_boxcup, layout_basic, hangedman_decor_slide_cut,
          minmay_pentomino_t4
D:3:      layout_rooms, shapermc_ecumenical_altar_hornbeckon, minmay_lizard_king
D:4:      layout_gridville, marbit_many_paths,
          hellmonk_okawaru_the_only_friend_you_need,
          cheibrodos_sewer_entry_bend, st_stairs_14, uniq_duvessa

Skill      XL: |  1  2  3 |
---------------+----------+-----
Unarmed Combat | 3 4 |  4.9
Fighting       | |  2.4
Dodging        | |  2.4
Shields        | |  2.6

Action                   |  1- 3 |  4- 6 || total
-------------------------+-------+-------++-------
Melee: Unarmed           |   103 |    73 ||   176
  Use: Scroll            |     3 |     3 ||     6
       Potion            |       |     3 ||     3
Armor: Robe              |    30 |    24 ||    54
Dodge: Dodged            |    31 |    20 ||    51
Block: Kite shield       |    25 |    24 ||    49

Table legend: (Time is in decaauts)
 A = Elapsed time spent in this place.
 B = Non-inter-level travel time spent in this place.
 C = Inter-level travel time spent in this place.
 D = Time resting spent in this place.
 E = Time spent auto-exploring this place.
 F = Levels seen in this place.
 G = Mean time per level.
                   A        B        C        D        E       F      G
               +--------+--------+--------+--------+--------+-----+--------+
         Total |   3044 |   2806 |    238 |    368 |   1954 |   4 |  761.0 |
       Dungeon |   3044 |   2806 |    238 |    368 |   1954 |   4 |  761.0 |
               +--------+--------+--------+--------+--------+-----+--------+

Top non-repeatable levels by time:
     D:1: 1185 daAuts
     D:3: 823 daAuts
     D:2: 780 daAuts
     D:4: 255 daAuts
